 Dungeon Crawl Stone Soup version 0.30-a0-335-ge5acde7520 (webtiles) character file.

Game seed: 18094859906351766580

54 Muataran the Trooper (level 3, -7/34 HPs)
             Began as a Minotaur Berserker on Oct 31, 2022.
             Was a Believer of Trog.
             Mangled by Sigmund
             ... wielding a +0 scythe
              (11 damage)
             ... on level 2 of the Dungeon.
             The game lasted 00:01:45 (1326 turns).

Muataran the Trooper (Minotaur Berserker)           Turns: 1326, Time: 00:01:46

Health: -7/34      AC:  2    Str: 21    XL:     3   Next: 66%
Magic:  2/2        EV: 12    Int:  6    God:    Trog [**....]
Gold:   116        SH:  0    Dex:  9    Spells: 2/2 levels left

rFire   . . .      SeeInvis .    a - +0 hand axe
rCold   . . .      Faith    .    (no shield)
rNeg    . . .      Spirit   .    b - +0 animal skin
rPois   .          Reflect  .    (helmet restricted)
rElec   .          Harm     .    (no cloak)
rCorr   .          Rampage  .    (no gloves)
Will    .....                    (no boots)
Stlth   +.........               (no amulet)
HPRegen 0.25/turn                (no ring)
MPRegen 0.08/turn                (no ring)

@: confused, on berserk cooldown, slowed, very slow
A: horns 2, retaliatory headbutt
a: Renounce Religion, Berserk, Trog's Hand


You were on level 2 of the Dungeon.
You worshipped Trog.
Trog was pleased with you.
You visited 1 branch of the dungeon, and saw 2 of its levels.

You collected 116 gold pieces.

Inventory:

Hand Weapons
 a - a +0 hand axe (weapon)
Armour
 b - a +0 animal skin (worn)
Scrolls
 c - 2 scrolls of torment {unknown}
 d - 2 scrolls of identify {unknown}
 f - 2 scrolls of teleportation {unknown}
 h - a scroll of brand weapon {unknown}
 i - a scroll of blinking {unknown}
 k - a scroll of immolation {unknown}
Potions
 e - a potion of invisibility {unknown}
 g - a potion of lignification {unknown}
 j - a potion of cancellation {unknown}
 l - a potion of haste {unknown}


   Skills:
 * Level 4.5 Fighting
 + Level 4.1 Axes
 + Level 3.1 Armour
 + Level 2.7 Dodging


You had 2 spell levels left.
You didn't know any spells.
Your spell library was empty.

Dungeon Overview and Level Annotations

Branches:
Dungeon (2/15)

Altars:

Annotations:
D:2 Sigmund


Innate Abilities, Weirdness & Mutations

You have a pair of horns on your head.
You reflexively headbutt those who attack you in melee.


Message History

You see here a ball python corpse.
You see here a rat corpse.
Found a buckler.
l - a black potion You see here a bat corpse.
A ball python and Sigmund come into view.
Found a robe and a sling.
Sigmund shouts!
The ball python barely misses you. The ball python grabs you.
The ball python constricts you.
Sigmund moves out of view.
A ball python is nearby!
You closely miss the ball python. The ball python bites you.
The ball python constricts you.
You slash the ball python!
You kill the ball python!
Trog accepts your kill.
Sigmund points at you and mumbles some strange words.
The magic dart hits you.
Found an escape hatch in the ceiling.
Sigmund gestures wildly while chanting.
Sigmund flickers and vanishes!
Deactivating autopickup; reactivate with Ctrl-A.
No target in view!
A red film seems to cover your vision as you go berserk!
You feel yourself moving faster!
You feel mighty! Something hits you.
You closely miss something. You slash something!
You hear some strange, mumbled words.
You are confused.
You miss something. Something hits you!
You feel a strong urge to attack something.
You bump into the rock wall.
Something hits you!
You bump into the rock wall.
You feel your anger nearly subside.
You are no longer berserk.
You are exhausted.
You feel yourself slow down.
You barely miss something. Something hits you!
* * * LOW HITPOINT WARNING * * *
Something hits you!
You die...

########## #........#
###........# ..........#
###..([?...#### ####
.<............####..#
#.......###.##....#
#.....{##)#.†..##.#####
#.....@#.##†#####.##...
#..)....##..# #.##...
#.....##....†.#####.##...
..##.##.#.†...#..........
# #.#[##.......###.##...
. ###..####..###.##<.. .#
...## #......#.... ..##
#........... #.#
...##..#####


There were no monsters in sight!

Vanquished Creatures
  A worm (D:2)
  A dart slug (D:1)
  An orc (D:2)
  5 ball pythons
  3 endoplasms
  A giant cockroach (D:2)
  4 goblins
  5 hobgoblins
  4 jackals (D:1)
  A quokka (D:1)
  4 bats
  3 frilled lizards
  8 kobolds (D:1)
  5 rats
46 creatures vanquished.

Vanquished Creatures (others)
  6 plants (D:1)
6 creatures vanquished.

Grand Total: 52 creatures vanquished

Notes
Turn   | Place    | Note
-------+----------+-------------------------------------------
     0 | D:1      | Muataran the Minotaur Berserker began the quest for the
                  | Orb.
     0 | D:1      | Reached XP level 1. HP: 19/19 MP: 0/0
   177 | D:1      | Reached XP level 2. HP: 23/27 MP: 1/1
   546 | D:1      | Reached ** piety under Trog
   759 | D:1      | Reached XP level 3. HP: 26/33 MP: 2/2
  1313 | D:2      | Noticed Sigmund
  1326 | D:2      | Mangled by Sigmund

Illustrated notes

Levels and vault maps discovered:
D:1:      psy_arrival_fountain, layout_loops_ring, roderic_serpentine_path
D:2:      layout_rooms, st_stairs_2, minmay_bisected, uniq_sigmund

Skill      XL: |  1  2  3 |
---------------+----------+-----
Fighting       | 4 |  4.5
Axes           | 4 |  4.1
Armour         | 3 |  3.1
Dodging        | |  2.7

Action                   || total
-------------------------++-------
Melee: Hand axe          ||    84
       Headbutt          ||     9
Invok: Berserk           ||     1
 Stab: Sleeping          ||     1
Armor: Animal skin       ||     5
Dodge: Dodged            ||    41

Table legend: (Time is in decaauts)
 A = Elapsed time spent in this place.
 B = Non-inter-level travel time spent in this place.
 C = Inter-level travel time spent in this place.
 D = Time resting spent in this place.
 E = Time spent auto-exploring this place.
 F = Levels seen in this place.
 G = Mean time per level.
                   A        B        C        D        E       F      G
               +--------+--------+--------+--------+--------+-----+--------+
         Total |   1331 |   1257 |     74 |    127 |    898 |   2 |  665.5 |
       Dungeon |   1331 |   1257 |     74 |    127 |    898 |   2 |  665.5 |
               +--------+--------+--------+--------+--------+-----+--------+

Top non-repeatable levels by time:
     D:1: 977 daAuts
     D:2: 354 daAuts
